TOP OF THE 1ST |
Long Island Lighthouse batting - Pitching for Nova Scotia Leviathan : RHP Ken Grant
|
Pitching: RHP Ken Grant
|
|
Batting: RHB Habib Othman
|
0-0: Called Strike 0-1: Ball 1-1: Ball 2-1: Ball 3-1: Base on Balls
|
Batting: LHB Jorge Napolez
|
0-0: Ball 1-0: Ball 2-0: Foul Ball, location: 2F 2-1: Foul Ball, location: 2F 2-2: Fly out, F9 (Line Drive, 9, EV 90.6 MPH)
|
Batting: RHB Jaime Espinar
|
0-0: Called Strike Habib Othman steals 2nd base (no throw) 0-1: Foul Ball, location: 2F 0-2: Strikes out swinging
|
Batting: LHB Jesús Encarnación
|
0-0: Ball 1-0: Ground out 4-3 (Groundball, 4, EV 88.8 MPH)
|
Top of the 1st over - 0 runs, 0 hits, 0 errors, 1 left on base; Long Island 0 - Nova Scotia 0 |
BOTTOM OF THE 1ST |
Nova Scotia Leviathan batting - Pitching for Long Island Lighthouse : RHP Jacob Sinclair
|
Pitching: RHP Jacob Sinclair
|
|
Batting: LHB Ricardo Águila
|
0-0: Ball 1-0: Ball 2-0: Ball 3-0: Swinging Strike 3-1: Foul Ball, location: 2F 3-2: Foul Ball, location: 2F 3-2: Base on Balls
|
Batting: RHB Ángel Saelices
|
0-0: Foul Ball, location: 2F 0-1: Called Strike 0-2: Ball 1-2: Fly out, F8 (Flyball, 78M, EV 81.9 MPH)
|
Batting: RHB Mark Toope
|
0-0: Ball 1-0: Ball 2-0: Fly out, F4 (Flyball, 34D, EV 84.4 MPH)
|
Batting: LHB Benno Luby
|
0-0: Ball Ricardo Águila steals 2nd base 1-0: Called Strike 1-1: Ball 2-1: Ball 3-1: Called Strike 3-2: DOUBLE (Flyball, 8LXD, EV 106.9 MPH) Ricardo Águila scores
|
Batting: RHB John Wilkerson
|
0-0: Called Strike 0-1: Fly out, F7 (Flyball, 7LM, EV 98.8 MPH)
|
Bottom of the 1st over - 1 run, 1 hit, 0 errors, 1 left on base; Long Island 0 - Nova Scotia 1 |
TOP OF THE 2ND |
Long Island Lighthouse batting - Pitching for Nova Scotia Leviathan : RHP Ken Grant
|
Batting: RHB An-te-hai Qing
|
0-0: Foul Ball, location: 2F 0-1: Ball 1-1: Called Strike 1-2: Ball 2-2: Foul Ball, location: 2F 2-2: Strikes out swinging
|
Batting: LHB Ernesto Valenzuela
|
0-0: Called Strike 0-1: Swinging Strike 0-2: Strikes out swinging
|
Batting: RHB Dylan Stavely
|
0-0: Swinging Strike 0-1: Swinging Strike 0-2: Foul Ball, location: 2F 0-2: Foul Ball, location: 2F 0-2: Hit by Pitch
|
Batting: RHB Vicente Gallegos
|
0-0: Called Strike Dylan Stavely steals 2nd base 0-1: Called Strike 0-2: DOUBLE (Line Drive, 89D, EV 102.5 MPH) Dylan Stavely scores
|
Batting: RHB Jim Ellis
|
0-0: Ball 1-0: Ball 2-0: Called Strike 2-1: Foul Ball, location: 2F 2-2: Ball 3-2: Strikes out swinging
|
Top of the 2nd over - 1 run, 1 hit, 0 errors, 1 left on base; Long Island 1 - Nova Scotia 1 |
BOTTOM OF THE 2ND |
Nova Scotia Leviathan batting - Pitching for Long Island Lighthouse : RHP Jacob Sinclair
|
Batting: LHB Jorge Herrera
|
0-0: Called Strike 0-1: Fly out, F8 (Line Drive, 8RM, EV 95.6 MPH)
|
Batting: LHB Len Sandison
|
0-0: Ball 1-0: Ball 2-0: Called Strike 2-1: Foul Ball, location: 2F 2-2: Foul Ball, location: 2F 2-2: Foul Ball, location: 2F 2-2: Ball 3-2: Ground out 1-3 (Groundball, 23, EV 63.8 MPH)
|
Batting: RHB Patrick Goodhardt
|
0-0: Ball 1-0: Foul Ball, location: 2F 1-1: Fly out, F9 (Flyball, 9LS, EV 88.1 MPH)
|
Bottom of the 2nd over - 0 runs, 0 hits, 0 errors, 0 left on base; Long Island 1 - Nova Scotia 1 |
TOP OF THE 3RD |
Long Island Lighthouse batting - Pitching for Nova Scotia Leviathan : RHP Ken Grant
|
Batting: RHB Habib Othman
|
0-0: SINGLE (Groundball, P, EV 81.9 MPH) (infield hit)
|
Batting: LHB Jorge Napolez
|
0-0: Ball 1-0: Ball 2-0: Called Strike 2-1: Swinging Strike 2-2: Ball 3-2: Grounds into double play, 4-6-3 (Groundball, 4, EV 88.8 MPH)
|
Batting: RHB Jaime Espinar
|
0-0: Called Strike 0-1: Foul Ball, location: 2F 0-2: Ball 1-2: Ground out 1-3 (Groundball, 13S, EV 68.1 MPH)
|
Top of the 3rd over - 0 runs, 1 hit, 0 errors, 0 left on base; Long Island 1 - Nova Scotia 1 |
BOTTOM OF THE 3RD |
Nova Scotia Leviathan batting - Pitching for Long Island Lighthouse : RHP Jacob Sinclair
|
Batting: RHB Jong-yun Rhee
|
0-0: Ball 1-0: Ball 2-0: Called Strike 2-1: Foul Ball, location: 2F 2-2: Hit by Pitch
|
Batting: LHB Ricardo Águila
|
0-0: Swinging Strike 0-1: Ball 1-1: Foul Ball, location: 2F 1-2: Strikes out swinging
|
Batting: RHB Ángel Saelices
|
0-0: Foul Ball, location: 2F 0-1: Ball 1-1: Foul Ball, location: 2F 1-2: Foul Ball, location: 2F 1-2: Foul Ball, location: 2F 1-2: Ball 2-2: Foul Ball, location: 2F 2-2: DOUBLE (Flyball, 8LXD, EV 105.0 MPH) Jong-yun Rhee to third
|
Batting: RHB Mark Toope
|
0-0: Ball 1-0: Called Strike 1-1: Ball 2-1: Called Strike 2-2: Foul Ball, location: 2F 2-2: Foul Ball, location: 2F 2-2: Fly out, F8 (Flyball, 78M, EV 93.8 MPH) Runner from 3rd tags up, OUT at HOME! 8-2
|
Bottom of the 3rd over - 0 runs, 1 hit, 0 errors, 1 left on base; Long Island 1 - Nova Scotia 1 |
TOP OF THE 4TH |
Long Island Lighthouse batting - Pitching for Nova Scotia Leviathan : RHP Ken Grant
|
Batting: LHB Jesús Encarnación
|
0-0: Ball 1-0: Ball 2-0: Called Strike 2-1: Swinging Strike 2-2: SINGLE (Line Drive, 8RS, EV 96.9 MPH)
|
Batting: RHB An-te-hai Qing
|
0-0: Ball 1-0: Ball 2-0: Foul Ball, location: 2F 2-1: Ball 3-1: Base on Balls Jesús Encarnación to second
|
Batting: LHB Ernesto Valenzuela
|
0-0: Fly out, F8 (Flyball, 8LD, EV 73.8 MPH)
|
Batting: RHB Dylan Stavely
|
0-0: Ball 1-0: Called Strike 1-1: Ball 2-1: Swinging Strike 2-2: Fly out, F7 (Flyball, 7, EV 96.2 MPH)
|
Batting: RHB Vicente Gallegos
|
0-0: DOUBLE (Line Drive, 9LS, EV 103.1 MPH) Jesús Encarnación scores An-te-hai Qing to third
|
Batting: RHB Jim Ellis
|
0-0: Ball 1-0: Foul Ball, location: 2F 1-1: Foul Ball, location: 2F 1-2: Foul Ball, location: 2F 1-2: Ball 2-2: Ball 3-2: Strikes out swinging
|
Top of the 4th over - 1 run, 2 hits, 0 errors, 2 left on base; Long Island 2 - Nova Scotia 1 |
BOTTOM OF THE 4TH |
Nova Scotia Leviathan batting - Pitching for Long Island Lighthouse : RHP Jacob Sinclair
|
Batting: LHB Benno Luby
|
0-0: Ball 1-0: Ball 2-0: Foul Ball, location: 2F 2-1: Foul Ball, location: 2F 2-2: SOLO HOME RUN (Flyball, 9D, EV 95.6 MPH), Distance : 375 ft
|
Batting: RHB John Wilkerson
|
0-0: Ball 1-0: Foul Ball, location: 2F 1-1: Foul Ball, location: 2F 1-2: Foul Ball, location: 2F 1-2: Ground out 6-3 (Groundball, 6, EV 87.5 MPH)
|
Batting: LHB Jorge Herrera
|
0-0: Ball 1-0: Ground out 4-3 (Groundball, 4, EV 91.9 MPH)
|
Batting: LHB Len Sandison
|
0-0: Called Strike 0-1: Ball 1-1: Foul Ball, location: 2F 1-2: Strikes out looking
|
Bottom of the 4th over - 1 run, 1 hit, 0 errors, 0 left on base; Long Island 2 - Nova Scotia 2 |
TOP OF THE 5TH |
Long Island Lighthouse batting - Pitching for Nova Scotia Leviathan : RHP Ken Grant
|
Batting: RHB Habib Othman
|
0-0: Ball 1-0: Swinging Strike 1-1: Ball 2-1: Ground out 4-3 (Groundball, 4, EV 105.0 MPH)
|
Batting: LHB Jorge Napolez
|
0-0: Ball 1-0: Ball 2-0: Ball 3-0: Base on Balls
|
Batting: RHB Jaime Espinar
|
0-0: Ball Jorge Napolez is caught stealing 2nd base 2-4 1-0: Fly out, F3 (Popup, 3SF, EV 66.9 MPH)
|
Top of the 5th over - 0 runs, 0 hits, 0 errors, 0 left on base; Long Island 2 - Nova Scotia 2 |
BOTTOM OF THE 5TH |
Nova Scotia Leviathan batting - Pitching for Long Island Lighthouse : RHP Jacob Sinclair
|
Batting: RHB Patrick Goodhardt
|
0-0: Called Strike 0-1: Ball 1-1: Fly out, F7 (Flyball, 7, EV 95.6 MPH)
|
Batting: RHB Jong-yun Rhee
|
0-0: Ball 1-0: Ball 2-0: Ball 3-0: Called Strike 3-1: Called Strike 3-2: Base on Balls
|
Batting: LHB Ricardo Águila
|
0-0: Ball 1-0: Called Strike 1-1: Called Strike 1-2: Strikes out swinging
|
Batting: RHB Ángel Saelices
|
0-0: Called Strike 0-1: Called Strike 0-2: Fly out, F9 (Flyball, 9LS, EV 88.8 MPH)
|
Bottom of the 5th over - 0 runs, 0 hits, 0 errors, 1 left on base; Long Island 2 - Nova Scotia 2 |
TOP OF THE 6TH |
Long Island Lighthouse batting - Pitching for Nova Scotia Leviathan : RHP Ken Grant
|
Batting: LHB Jesús Encarnación
|
0-0: Ball 1-0: Called Strike 1-1: Foul Ball, location: 2F 1-2: Foul Ball, location: 2F 1-2: Foul Ball, location: 2F 1-2: Ball 2-2: Fly out, F8 (Flyball, 8LM, EV 87.5 MPH)
|
Batting: RHB An-te-hai Qing
|
0-0: Foul Ball, location: 2F 0-1: Ball 1-1: Called Strike 1-2: Ball 2-2: Strikes out swinging, 2-3 out at first.
|
Batting: LHB Ernesto Valenzuela
|
0-0: Fly out, F3 (Flyball, 3D, EV 89.4 MPH)
|
Top of the 6th over - 0 runs, 0 hits, 0 errors, 0 left on base; Long Island 2 - Nova Scotia 2 |
BOTTOM OF THE 6TH |
Nova Scotia Leviathan batting - Pitching for Long Island Lighthouse : RHP Jacob Sinclair
|
Batting: RHB Mark Toope
|
0-0: Swinging Strike 0-1: Fly out, F8 (Flyball, 8RD, EV 96.2 MPH)
|
Batting: LHB Benno Luby
|
0-0: Ball 1-0: Swinging Strike 1-1: Foul Ball, location: 2F 1-2: Ball 2-2: Ball 3-2: Base on Balls
|
Batting: RHB John Wilkerson
|
0-0: Called Strike 0-1: Ball 1-1: Ball 2-1: Ball 3-1: Called Strike 3-2: DOUBLE (Line Drive, 89D, EV 113.1 MPH) Benno Luby to third Benno Luby scores
|
Batting: LHB Jorge Herrera
|
0-0: Foul Ball, location: 2F 0-1: Ball 1-1: SINGLE (Groundball, 4MD, EV 103.8 MPH) John Wilkerson to third Runner from 3rd tries for Home, SAFE, throw by CF to home
|
Pitching: RHP Miguel Rodríguez
|
|
Batting: LHB Len Sandison
|
0-0: Ball 1-0: Ball 2-0: Called Strike 2-1: Fly out, F8 (Line Drive, 8RD, EV 97.5 MPH)
|
Batting: RHB Patrick Goodhardt
|
0-0: Called Strike 0-1: Ball 1-1: Foul Ball, location: 2F 1-2: SINGLE (Groundball, 6MD, EV 100.0 MPH) Jorge Herrera to second Runner from 2nd tries for 3rd, SAFE after rundown.
|
Batting: RHB Jong-yun Rhee
|
0-0: Called Strike 0-1: Called Strike 0-2: Ball 1-2: Strikes out swinging
|
Bottom of the 6th over - 2 runs, 3 hits, 0 errors, 2 left on base; Long Island 2 - Nova Scotia 4 |
TOP OF THE 7TH |
Long Island Lighthouse batting - Pitching for Nova Scotia Leviathan : RHP Ken Grant
|
Batting: RHB Dylan Stavely
|
0-0: Called Strike 0-1: Ground out 6-3 (Groundball, 6, EV 82.5 MPH)
|
Batting: RHB Vicente Gallegos
|
0-0: Ball 1-0: Ground out 6-3 (Groundball, 6M, EV 103.8 MPH)
|
Batting: RHB Jim Ellis
|
0-0: Ground out 5-3 (Groundball, 56, EV 105.0 MPH)
|
Top of the 7th over - 0 runs, 0 hits, 0 errors, 0 left on base; Long Island 2 - Nova Scotia 4 |
BOTTOM OF THE 7TH |
Nova Scotia Leviathan batting - Pitching for Long Island Lighthouse : RHP Miguel Rodríguez
|
Batting: LHB Ricardo Águila
|
0-0: Called Strike 0-1: Ball 1-1: Ball 2-1: Ball 3-1: Base on Balls
|
Batting: RHB Ángel Saelices
|
0-0: Foul Ball, location: 2F 0-1: Ball 1-1: Foul Ball, location: 2F 1-2: Strikes out swinging
|
Batting: RHB Mark Toope
|
0-0: Ball 1-0: Ball 2-0: Ball 3-0: Called Strike 3-1: Base on Balls Ricardo Águila to second
|
Batting: LHB Benno Luby
|
0-0: Ball 1-0: Called Strike 1-1: Called Strike 1-2: Ball 2-2: Foul Ball, location: 2F 2-2: Foul Ball, location: 2F 2-2: Strikes out swinging
|
Batting: RHB John Wilkerson
|
0-0: Ball 1-0: Ball 2-0: Ball 3-0: Called Strike 3-1: Base on Balls Ricardo Águila to third Mark Toope to second
|
Batting: LHB Jorge Herrera
|
0-0: Ball 1-0: Called Strike 1-1: Ball 2-1: Called Strike 2-2: Strikes out swinging
|
Bottom of the 7th over - 0 runs, 0 hits, 0 errors, 3 left on base; Long Island 2 - Nova Scotia 4 |
TOP OF THE 8TH |
Long Island Lighthouse batting - Pitching for Nova Scotia Leviathan : RHP Ken Grant
|
Pitching: RHP Marcel Bloemheuvel
|
|
Pinch Hitting: LHB Dread Roberts
|
0-0: Foul Ball, location: 2F 0-1: Swinging Strike 0-2: Ball 1-2: Ball 2-2: Ball 3-2: Base on Balls
|
Batting: LHB Jorge Napolez
|
0-0: Ball 1-0: Ball 2-0: Ball 3-0: Called Strike 3-1: Base on Balls Dread Roberts to second
|
Batting: RHB Jaime Espinar
|
0-0: Ball 1-0: Called Strike 1-1: Ball 2-1: Foul Ball, location: 2F 2-2: Ball 3-2: Strikes out swinging
|
Pitching: LHP Santiago Rivera
|
|
Batting: RHB Axel Chicote
|
0-0: Ball 1-0: Fielders Choice at 2nd, 3-6 (Groundball, 34S, EV 85.6 MPH) Dread Roberts to third
|
Batting: RHB An-te-hai Qing
|
0-0: Foul Ball, location: 2F 0-1: Called Strike 0-2: Ball 1-2: Foul Ball, location: 2F 1-2: Strikes out swinging
|
Top of the 8th over - 0 runs, 0 hits, 0 errors, 2 left on base; Long Island 2 - Nova Scotia 4 |
BOTTOM OF THE 8TH |
Nova Scotia Leviathan batting - Pitching for Long Island Lighthouse : RHP Miguel Rodríguez
|
Now in RF: Dread Roberts
|
|
Batting: LHB Len Sandison
|
0-0: Fly out, F4 (Flyball, 34D, EV 76.2 MPH)
|
Batting: RHB Patrick Goodhardt
|
0-0: Ground out 6-3 (Groundball, 6, EV 104.4 MPH)
|
Batting: RHB Jong-yun Rhee
|
0-0: Called Strike 0-1: Ball 1-1: Called Strike 1-2: Strikes out swinging
|
Bottom of the 8th over - 0 runs, 0 hits, 0 errors, 0 left on base; Long Island 2 - Nova Scotia 4 |
TOP OF THE 9TH |
Long Island Lighthouse batting - Pitching for Nova Scotia Leviathan : LHP Santiago Rivera
|
Pitching: RHP Carlos Rodríguez
|
|
Batting: LHB Ernesto Valenzuela
|
0-0: Ball 1-0: Ground out 4-3 (Groundball, 4MD, EV 86.9 MPH)
|
Batting: RHB Dylan Stavely
|
0-0: Foul Ball, location: 2F 0-1: SOLO HOME RUN (Flyball, 78XD, EV 112.5 MPH), Distance : 424 ft
|
Batting: RHB Vicente Gallegos
|
0-0: Ball 1-0: Ball 2-0: Fly out, F7 (Flyball, 78M, EV 93.1 MPH)
|
Pinch Hitting: LHB Luis García
|
0-0: Ball 1-0: Ball 2-0: Foul Ball, location: 2F 2-1: Swinging Strike 2-2: Ball 3-2: Strikes out swinging
|
Top of the 9th over - 1 run, 1 hit, 0 errors, 0 left on base; Long Island 3 - Nova Scotia 4 |
|